 Dungeon Crawl Stone Soup version 0.25-a0-597-gb30770a0c0 (webtiles) character file.

Game seed: 9987573627981234528, levelgen mode: deterministic

179 Gynju the Thaumaturge (level 5, -3/28 HPs)
             Began as a Deep Elf Wizard on Mar 15, 2020.
             Slain by Grinder (7 damage)
             ... while paralysed by Grinder
             ... on level 3 of the Dungeon.
             The game lasted 00:04:53 (3442 turns).

Gynju the Thaumaturge (Deep Elf Wizard)             Turns: 3442, Time: 00:04:54

Health: -3/28      AC:  3    Str: 11    XL:     5   Next: 32%
Magic:  4/17       EV:  2    Int: 23    God:
Gold:   144        SH:  0    Dex: 13    Spells: 15/20 levels left

rFire    . . .     SeeInvis .   r - +0 scythe
rCold    . . .     Gourm    .   (shield currently unavailable)
rNeg     . . .     Faith    .   a - +0 robe
rPois    .         Spirit   .   b - +0 hat
rElec    .         Reflect  .   (no cloak)
rCorr    .         Harm     +   s - +0 pair of gloves
MR       .....                  (no boots)
Stlth    ++........             g - amulet of harm
HPRegen  0.09/turn              l - +6 ring of strength
MPRegen  0.15/turn              (no ring)

@: paralysed
A: no striking features
a: no special abilities


You were on level 3 of the Dungeon.
You were not hungry.

You visited 1 branch of the dungeon, and saw 3 of its levels.

You collected 144 gold pieces.

Inventory:

Hand Weapons
 h - a +0 dagger
 r - a +0 scythe (weapon)
Missiles
 n - 40 poisoned darts (quivered)
Armour
 a - a +0 robe (worn)
 b - a +0 hat (worn)
 s - a +0 pair of gloves (worn)
Jewellery
 g - an amulet of harm (around neck)
 l - a +6 ring of strength (left hand)
Scrolls
 c - 4 scrolls of remove curse {unknown}
 e - 2 scrolls of enchant armour {unknown}
 i - 5 scrolls of identify {unknown}
 p - a scroll of immolation {unknown}
 q - a scroll of amnesia {unknown}
Potions
 f - a potion of resistance {unknown}
 j - 2 potions of brilliance {unknown}
 k - a potion of cancellation {unknown}
 m - a potion of flight {unknown}
 o - a potion of curing {unknown}
Comestibles
 d - 4 rations


   Skills:
 - Level 2.4 Dodging
 - Level 2.4 Stealth
 + Level 8.3 Spellcasting
 - Level 1.1 Conjurations
 - Level 1.1 Summonings
 - Level 1.1 Translocations


You had 15 spell levels left.
You knew the following spells:

 Your Spells              Type           Power        Failure   Level  Hunger
a - Magic Dart            Conj           ##..         4%          1    None
b - Blink                 Tloc           N/A          6%          2    None
c - Call Imp              Summ           ##......     6%          2    None

Your spell library contained the following spells:

 Spells                   Type           Power        Failure   Level  Hunger
 Slow                     Hex            #.......     11%         2    None
 Conjure Flame            Conj/Fire      ##......     16%         3    None
 Mephitic Cloud           Conj/Pois/Air  ##......     17%         3    None


Dungeon Overview and Level Annotations

Branches:
Dungeon (3/15)

Altars:

Annotations:
D:3 Grinder


Message History

Gang up on whom?
Press: ? - help, Dir - move target cursor, f - Grinder
Aim: Grinder (lightly wounded) Attack!
Your white imp disappears in a puff of smoke!
Your crimson imp is smitten.
Your crimson imp blinks! x2
Grinder hits you!
* * * LOW HITPOINT WARNING * * *
You writhe in agony.
* * * LOW HITPOINT WARNING * * *
You closely miss Grinder.
Grinder is lightly wounded.
Your crimson imp disappears in a puff of smoke!
Your crimson imp hits Grinder but does no damage.
Grinder gestures at you.
You suddenly lose the ability to move!
Your crimson imp hits Grinder.
Grinder gestures at you.
You struggle to resist.
Your crimson imp hits Grinder.
Grinder hits you.
You die...

# ...## ###
# ....o
....#( ##
#..##
#...### ..
#.%...## .#
#<.######.#
##..o55...#
#####@).##
#.#$5o.#
#.. .....
#### ##.. #


You could see Grinder, an orc priest, an orc and 2 friendly crimson imps.

Vanquished Creatures
  Sigmund (D:2)
  A bullfrog skeleton (D:2)
  An adder (D:2)
  A worm (D:2)
  4 dart slugs
  An orc (D:2)
  2 giant cockroaches
  8 hobgoblins
  3 jackals (D:1)
  5 bats
  2 frilled lizards (D:1)
  2 goblins
  2 kobolds
  4 rats
37 creatures vanquished.

Vanquished Creatures (collateral kills)
  An adder (D:2)
1 creature vanquished.

Grand Total: 38 creatures vanquished

Notes
Turn   | Place    | Note
-------+----------+-------------------------------------------
     0 | D:1      | Gynju the Deep Elf Wizard began the quest for the Orb.
     0 | D:1      | Reached XP level 1. HP: 10/10 MP: 7/7
   291 | D:1      | Reached skill level 5 in Spellcasting
   322 | D:1      | Reached XP level 2. HP: 8/15 MP: 1/10
   326 | D:1      | Learned a level 2 spell: Blink
   329 | D:1      | Learned a level 2 spell: Call Imp
  1402 | D:2      | Reached skill level 6 in Spellcasting
  1402 | D:2      | Reached XP level 3. HP: 19/19 MP: 4/12
  1778 | D:2      | Noticed Sigmund
  1804 | D:2      | Killed Sigmund
  1804 | D:2      | Reached skill level 7 in Spellcasting
  1804 | D:2      | Reached XP level 4. HP: 24/24 MP: 0/15
  2060 | D:2      | Reached XP level 5. HP: 26/28 MP: 2/17
  2300 | D:2      | Reached skill level 8 in Spellcasting
  3159 | D:3      | Noticed Grinder
  3441 | D:3      | Paralysed by Grinder for 5 turns
  3442 | D:3      | Slain by Grinder

Levels and vault maps discovered:
D:1:      dpeg_arrival_court, layout_basic, hangedman_abyss_or_decor_stabs
D:2:      layout_loops_corners, uniq_sigmund
D:3:      layout_rooms, first_ration, uniq_grinder, uniq_ijyb

Skill      XL: |  1  2  3  4  5 |
---------------+----------------+-----
Spellcasting   | 5 6 7 8 |  8.3
Dodging        | |  2.4
Stealth        | |  2.4
Conjurations   | |  1.1
Summonings     | |  1.1
Translocations | |  1.1

Action                   |  1- 3 |  4- 6 || total
-------------------------+-------+-------++-------
Melee: Dagger            |       |     5 ||     5
       Scythe            |       |     1 ||     1
 Cast: Magic Dart        |    77 |    53 ||   130
       Call Imp          |     6 |    17 ||    23
       Blink             |       |     1 ||     1
  Eat: Chunk             |     2 |     5 ||     7
Armor: Robe              |     1 |     3 ||     4
Dodge: Dodged            |    23 |    13 ||    36

Table legend:
 A = Non-vault XP
 B = Vault XP
 C = Vault XP percentage of total XP
 D = Non-vault monster count
 E = Vault monster count
 F = Vault count percentage of total count
                 A         B        C        D         E       F
            +---------+---------+-------+---------+---------+-------
      Total |     128 |     128 |  50.0 |      37 |       1 |   2.6
            +---------+---------+-------+---------+---------+-------
        D:1 |      30 |       0 |   0.0 |      17 |       0 |   0.0
        D:2 |      92 |     128 |  58.2 |      18 |       1 |   5.3
        D:3 |       6 |       0 |   0.0 |       2 |       0 |   0.0
            +---------+---------+-------+---------+---------+-------
